AoeStats
← Diomedes 2775

Hill Fort

506994177Analyzed
4v4 RM · 15d ago on Sep 16, 2026· 17m 54s· 8 players
Game mode
Random Map
Map size
Large (8 player)
Population
200
Speed
Normal
Resources
Standard
Victory
Conquest
Starting age
Dark Age
Ending age
Imperial Age
RankedLock teamsTeams togetherTeam positionsShared explorationLock speedFull tech treeHidden civsTurbo modeCheats
Victory
Defeat
🇺🇸 Wei · United States
971
+10
🇺🇸 Teutons · United States
854
+14
🇺🇸 Franks · United States
828
+15
🇺🇸 Britons · United States
813
+16
🇺🇸 Malians · United States
884
-16
🇨🇦 Slavs · Canada
822
-14
🇭🇰 Britons · Hong Kong SAR China
816
-14
🇺🇸 Portuguese · United States
742
-11
Zukomazi
1:11 Loom
slipoker
0:32 Loom
12:41 Feudal Age
13:07 Feudal Age
15:09 Horse Collar
15:17 Double-Bit Axe
knarways
5:33 Loom
12:01 Feudal Age
15:04 Wheelbarrow
success0111
0:38 Loom
12:03 Feudal Age
13:26 Wheelbarrow
12:39 Double-Bit Axe
12:50 Stone Mining
12:50 Gold Mining
15:05 Horse Collar
DAGRON
10:57 Feudal Age
11:34 Double-Bit Axe
11:42 Horse Collar
19:29 Castle Age
Diomedes 2775
12:28 Feudal Age
20:12 Castle Age
llConnachtll
3:06 Loom
11:49 Feudal Age
13:00 Town Watch
16:58 Forging
17:08 Double-Bit Axe
Sanguinius7193
0:43 Loom
11:57 Feudal Age
17:01 Castle Age
16:22 Fletching
17:39 Bodkin Arrow
Connection lost

Rejoining the realm…

Still unreachable

The connection could not be restored.

Session expired

The server has moved on; the page needs a fresh start.